 Dungeon Crawl Stone Soup version 0.26-a0-778-g3fe0686644 (console) character file.

Game seed: 8516893265273510225

42 om the Changer (level 3, -1/27 HPs)
             Began as a Merfolk Transmuter on Nov 9, 2020.
             Slain by Natasha (4 damage)
             ... on level 2 of the Dungeon.
             The game lasted 00:01:56 (2320 turns).

om the Changer (Merfolk Transmuter)                 Turns: 2320, Time: 00:01:57

Health: -1/27      AC:  2    Str: 11    XL:     3   Next: 54%
Magic:  6/6        EV: 13    Int: 12    God:
Gold:   67         SH:  0    Dex: 14    Spells: 2/6 levels left

rFire    . . .     SeeInvis .   b - +0 dagger
rCold    . . .     Faith    .   (no shield)
rNeg     . . .     Spirit   .   a - +0 robe
rPois    .         Reflect  .   (helmet currently unavailable)
rElec    .         Harm     .   (no cloak)
rCorr    .         Rampage  .   (no gloves)
MR       .....                  (boots currently unavailable)
Stlth    +.........             (no amulet)
HPRegen  0.09/turn              (no ring)
MPRegen  0.10/turn              (no ring)

@: appendages (expiring)
A: change form in water, swift swim, stealthy swim, horns 2
a: End Transformation


You were on level 2 of the Dungeon.
You had grown temporary horns.
You visited 1 branch of the dungeon, and saw 2 of its levels.

You collected 67 gold pieces.

Inventory:

Hand Weapons
 b - a +0 dagger (weapon)
Armour
 a - a +0 robe (worn)
 h - a +0 helmet (melded)
Scrolls
 c - 2 scrolls of remove curse {unknown}
 f - 2 scrolls of identify {unknown}
Potions
 d - a potion of curing {unknown}
 e - 2 potions of berserk rage {unknown}
 g - a potion of might


   Skills:
 + Level 1.8 Fighting
 + Level 3.3 Dodging
 - Level 3.3 Unarmed Combat
 + Level 2.3 Spellcasting
 * Level 3.8 Transmutations


You had 2 spell levels left.
You knew the following spells:

 Your Spells              Type           Power        Failure   Level
a - Beastly Appendage     Tmut           ##....       5%          1
b - Spider Form           Tmut/Pois      #.........   34%         3

Your spell library contained the following spells:

 Spells                   Type           Power        Failure   Level
 Wereblood                Tmut           ##......     9%          2
 Ice Form                 Ice/Tmut       #.......     75%         4
 Blade Hands              Tmut           ##........   83%         5


Dungeon Overview and Level Annotations

Branches:
Dungeon (2/15)

Altars:

Annotations:
D:2 Natasha


Innate Abilities, Weirdness & Mutations

You revert to your normal form in water.
You are very nimble and swift while swimming.
You are very stealthy in the water. (Stealth+)
You have a pair of horns on your head.


Message History

You closely miss Natasha. Your headbutt misses Natasha.
Natasha is moderately wounded.
Your transformation is almost over.
Natasha barely misses you.
You closely miss Natasha. You headbutt Natasha, but do no damage.
Natasha is moderately wounded.
Natasha misses you.
You hit Natasha but do no damage.
Natasha is moderately wounded.
Natasha claws you!
* * * LOW HITPOINT WARNING * * *
You closely miss Natasha.
Natasha is moderately wounded.
Natasha claws you.
* * * LOW HITPOINT WARNING * * *
You are too injured to fight recklessly!
You hit Natasha.
Natasha is moderately wounded.
Natasha claws you.
You die...

### .##.######.##
.(>...h@....#
....######(## . #.# #.#
####.#### #.......#
##+## #.##.##.# ##...##
#.##.##.# # ##.....##
#.##.##.# ##
##.......###.##.##.#
.####.........##.......#


You could see Natasha.

Vanquished Creatures
  An adder (D:2)
  A dart slug (D:1)
  A leopard gecko (D:1)
  6 bats
  A giant cockroach (D:1)
  5 goblins
  2 hobgoblins
  5 kobolds
  3 frilled lizards
  3 rats (D:1)
28 creatures vanquished.

Notes
Turn   | Place    | Note
-------+----------+-------------------------------------------
     0 | D:1      | om the Merfolk Transmuter began the quest for the Orb.
     0 | D:1      | Reached XP level 1. HP: 15/15 MP: 3/3
   361 | D:1      | Reached XP level 2. HP: 2/21 MP: 3/5
  1406 | D:1      | Reached XP level 3. HP: 23/26 MP: 4/6
  1411 | D:1      | Learned a level 3 spell: Spider Form
  2307 | D:2      | Noticed Natasha
  2320 | D:2      | Slain by Natasha

Illustrated notes

Levels and vault maps discovered:
D:1:      onia_arrival_mini_spirals, layout_rooms, st_stairs_11,
          solitary_fountain, minmay_misc_feat_roman,
          wad_floor_pattern_untrapped, chequers_serial_rivers_micro_e,
          hangedman_feature_mirror
D:2:      layout_loops_corners, uniq_natasha

Skill      XL: |  1  2 |
---------------+-------+-----
Transmutations | 3 |  3.8
Dodging        | 3 |  3.3
Fighting       | |  1.8
Unarmed Combat | |  3.3
Spellcasting   | |  2.3

Action                   || total
-------------------------++-------
Melee: Unarmed           ||    12
       Dagger            ||   115
       Headbutt          ||    12
 Cast: Beastly Appendage ||    23
Armor: Robe              ||    36
Dodge: Dodged            ||   106

Table legend: (Time is in decaauts)
 A = Elapsed time spent in this place.
 B = Non-inter-level travel time spent in this place.
 C = Inter-level travel time spent in this place.
 D = Time resting spent in this place.
 E = Time spent auto-exploring this place.
 F = Levels seen in this place.
 G = Mean time per level.
                   A        B        C        D        E       F      G
               +--------+--------+--------+--------+--------+-----+--------+
         Total |   2318 |   2301 |     17 |   1180 |    804 |   2 | 1159.0 |
       Dungeon |   2318 |   2301 |     17 |   1180 |    804 |   2 | 1159.0 |
               +--------+--------+--------+--------+--------+-----+--------+

Top non-repeatable levels by time:
     D:1: 1857 daAuts
     D:2: 461 daAuts
